Map: Kairos Junction LE

Players

IIIIIIIIIIII

  • Race: Protoss Protoss
  • League: Grandmaster
  • Spawn Location: 11:00

Lambo - Winner!

  • Race: Zerg Zerg
  • League: Grandmaster
  • Spawn Location: 5:00

VOD

Have the link to the VOD?

Description

Time

  • Played on: Feb. 9, 2019, 7:22 a.m.
  • Length: 9:48
Show
View Real Time Build Order
Export as new Build Order

IIIIIIIIIIII Protoss 

Build Orders: 1 Gate Expand, Oracle Opening, Phoenix Opening, Archon Immortal, Archon Drop 

Get SALT Encoding   

  12  0:00  Probe  
  13  0:13  Probe  
  14  0:17  Pylon  
  14  0:24  Probe  
  15  0:32  Probe  
  15  0:40  Probe  
  16  0:43  Gateway  
  16  0:46  Assimilator  
  17  0:51  Probe  
  18  1:03  Probe  
  19  1:15  Probe  
  20  1:24  Nexus  
  20  1:33  Cybernetics Core  
  20  1:37  Probe  
  21  1:42  Assimilator  
  21  1:49  Probe  
  22  1:54  Pylon  
  22  2:01  Probe  
  22  2:02  Adept  
  23  2:13  Probe  
  26  2:18  Stargate  
  26  2:23  Adept  
  26  2:24  Warp Gate  
  26  2:25  Probe  
  27  2:32  Probe  
  30  2:37  Probe  
  30  2:40  Probe  
  31  2:50  Probe x2  
  34  3:02  Probe x2  
  38  3:11  Phoenix  
  38  3:14  Probe x2  
  38  3:19  Assimilator  
  40  3:21  Assimilator  
  40  3:23  Gateway  
  40  3:26  Pylon, Probe x2  
  42  3:36  Robotics Facility  
  42  3:38  Probe, Oracle  
  46  3:42  Probe  
  47  3:50  Probe x2  
  47  3:52  Twilight Council  
  49  4:00  Probe  
  49  4:02  Probe  
  51  4:04  Pylon  
  51  4:13  Probe  
  51  4:14  Probe, Gateway, Warp Prism  
  51  4:15  Gateway  
  53  4:18  Charge  
  53  4:25  Probe  
  56  4:37  Templar Archives  
  56  4:43  Gateway  
  56  4:45  Gateway  
  56  4:47  Pylon  
  56  5:03  Nexus  
  56  5:04  Pylon  
  56  5:07  Pylon  
  56  5:09  Probe x2  
  58  5:18  High Templar x3  
  58  5:19  High Templar  
  58  5:21  Probe x2, Observer  
  67  5:22  Archon  
  67  5:23  Archon  
  69  5:32  Forge  
  69  5:33  Probe x2  
  71  5:45  Probe x2  
  73  5:57  Zealot x6  
  73  6:01  Pylon  
  73  6:03  Pylon  
  85  6:09  Probe  
  85  6:10  Protoss Ground Weapons Level 1  
  86  6:14  Probe  
  87  6:23  Zealot x4  
  87  6:24  Zealot x2  
  99  6:28  Probe x3  
  102  6:42  Immortal  
  102  6:45  Zealot x6  
  112  6:48  Probe x3  
  107  7:01  Probe x3  
  102  7:05  Assimilator  
  102  7:06  Assimilator  
  92  7:12  High Templar  
  92  7:13  High Templar x5  
  100  7:15  Immortal  
  100  7:16  Gateway  
  100  7:19  Gateway, Archon x3  
  104  7:25  Gateway  
  104  7:27  Gateway  
  104  7:30  Probe  
  104  7:31  Probe x2  
  107  7:45  Zealot x3, Pylon x2  
  107  7:46  Zealot x2  
  107  7:49  Pylon  
  107  7:50  Pylon  
  117  7:54  Immortal  
  121  8:10  High Templar  
  121  8:11  Zealot x3, High Templar  
  121  8:12  Zealot x2  
  135  8:18  Archon  
  133  8:20  Photon Cannon  
  133  8:24  Immortal  
  133  8:27  Zealot x3  
  133  8:32  Pylon  
  133  8:33  Pylon  
  139  8:40  Zealot x2  
  139  8:41  Zealot  
  141  8:52  Zealot x5  
  141  8:53  Immortal  
  125  8:58  High Templar  
  125  8:59  High Templar  
  123  9:05  Archon  
  123  9:09  Zealot x3  
  127  9:17  Zealot x3  
  127  9:24  High Templar x2  
  129  9:29  Archon  
  100  9:38  High Templar x3  
  100  9:39  Zealot x2, High Templar  
  100  9:40  Zealot x2  
Show
View Real Time Build Order
Export as new Build Order

Lambo Zerg - Winner!

Build Orders: Hatch First, Swarm Host 

Get SALT Encoding   

  12  0:00  Drone  
  13  0:12  Overlord  
  13  0:16  Drone  
  14  0:32  Drone x2  
  16  0:48  Hatchery  
  15  0:51  Drone  
  15  0:55  Drone  
  17  0:58  Drone  
  18  1:09  Extractor  
  17  1:14  Spawning Pool  
  17  1:17  Drone  
  17  1:20  Drone  
  18  1:28  Drone  
  19  1:43  Drone  
  20  1:56  Overlord  
  20  2:01  Queen x2  
  20  2:02  Zergling x4  
  26  2:09  Metabolic Boost  
  26  2:14  Drone x2  
  28  2:22  Drone x2  
  30  2:35  Drone  
  31  2:41  Hatchery  
  31  2:44  Drone  
  31  2:46  Drone x2  
  33  2:53  Overlord  
  33  2:58  Drone  
  33  3:10  Drone x2  
  33  3:13  Drone x6  
  39  3:20  Queen  
  39  3:23  Drone  
  42  3:32  Drone  
  43  3:35  Overlord  
  43  3:41  Overlord  
  43  3:49  Spore Crawler  
  43  3:50  Drone  
  43  3:54  Drone x5  
  43  3:55  Drone  
  49  3:56  Queen, Spore Crawler  
  49  4:00  Queen  
  52  4:06  Drone  
  52  4:07  Overlord  
  55  4:10  Drone x2  
  55  4:13  Zergling x2  
  55  4:16  Drone  
  57  4:17  Lair  
  57  4:24  Roach Warren  
  56  4:26  Drone x3  
  56  4:29  Drone x2  
  61  4:31  Extractor  
  61  4:34  Extractor  
  61  4:38  Drone x4  
  60  4:40  Overlord  
  60  4:43  Overlord  
  62  4:48  Evolution Chamber  
  62  4:52  Overlord  
  61  4:55  Extractor  
  61  4:57  Overlord x2  
  60  5:00  Drone x4  
  60  5:01  Drone x2  
  60  5:02  Drone  
  60  5:05  Drone  
  68  5:10  Drone  
  69  5:14  Roach x4  
  69  5:21  Zerg Missile Weapons Level 1  
  77  5:22  Extractor  
  77  5:23  Drone x3  
  77  5:24  Extractor  
  77  5:28  Roach x3  
  84  5:35  Roach x3  
  90  5:36  Glial Reconstitution  
  90  5:40  Infestation Pit  
  88  5:49  Drone x3  
  92  5:50  Drone x2  
  92  5:54  Overlord  
  92  5:56  Overlord  
  93  6:00  Overlord  
  93  6:07  Overlord x3  
  92  6:25  Roach x9  
  110  6:28  Roach  
  110  6:29  Roach x2  
  110  6:31  Roach x3  
  120  6:35  Roach x3  
  126  6:40  Roach x2  
  126  6:43  Roach  
  124  6:52  Roach x3  
  120  7:00  Roach x4  
  120  7:01  Roach  
  122  7:03  Roach x2  
  122  7:04  Roach  
  122  7:08  Roach  
  120  7:23  Overlord  
  120  7:25  Swarm Host x5  
  120  7:28  Queen  
  137  7:30  Swarm Host  
  137  7:31  Overlord  
  140  7:37  Swarm Host  
  140  7:39  Overlord  
  140  7:43  Overlord  
  143  7:44  Swarm Host x2  
  143  7:49  Overlord x2  
  143  7:51  Swarm Host  
  149  7:57  Swarm Host x2  
  156  8:01  Swarm Host  
  156  8:03  Overlord  
  159  8:14  Swarm Host x2  
  159  8:16  Ravager  
  166  8:21  Swarm Host  
  169  8:27  Swarm Host  
  169  8:28  Swarm Host  
  169  8:32  Roach  
  171  8:39  Roach x5  
  167  8:49  Roach x7  
  183  8:55  Roach  
  183  8:56  Roach x2  
  183  9:03  Ravager  
  183  9:06  Ravager  
  183  9:09  Roach x3  
  183  9:19  Roach x4  
  185  9:26  Roach x3  
Tags
 
Add a new tag
Caveats
  • Supply blocks, unpowered buildings, or Contaminate may cause inaccurate times.
  • Supply counts are checked every 10 seconds.